 Dungeon Crawl Stone Soup version 0.31.0 (webtiles) character file.

Game seed: 419567108827106179

2335871 Ride the Conqueror (level 21, 224/224 HPs)
             Began as a Minotaur Fighter on Jan 19, 2024.
             Was an Initiate of Gozag.
             Escaped with the Orb
             ... and 3 runes
             ... and 3 gems!
             The game lasted 00:39:23 (40940 turns).

Ride the Conqueror (Minotaur Fighter)              Turns: 40940, Time: 00:39:23

Health: 224/224    AC: 36    Str: 42 (43) XL:     21   Next: 98%
Magic:  29/29      EV: 14    Int:  7      God:    Gozag
Gold:   1988       SH: 16    Dex: 12      Spells: 20/20 levels left

rFire   + + +        a - +3 broad axe (heavy)
rCold   + + .        f - +1 kite shield {rC+ rF+}
rNeg    . . .        U - +4 plate armour of a sewer {rPois Int+2}
rPois   +            M - +2 hat of the Will of the Gods {rF+ Regen+}
rElec   +            G - +2 cloak
rCorr   .            W - +2 pair of gloves {Str+3}
SInv    .            q - +0 pair of boots "Gonawnir" {Rampage *Corrode rElec rPois}
Will    +....        n - amulet of guardian spirit Stlth
                     K - +6 ring of strength
HPRegen 1.37/turn    V - ring "Horphubo" {rF+ rC+ MP+9 Str+4}
MPRegen 0.21/turn

%: corrode self (3%), guardian spirit, rampage
@: no status effects
A: horns 2, retaliatory headbutt
0: Orb of Zot
}: 3/15 runes: decaying, serpentine, silver
a: Renounce Religion, Potion Petition, Call Merchant, Bribe Branch


You escaped.
You worshipped Gozag.
Gozag was most pleased with you.
You visited 8 branches of the dungeon, and saw 44 of its levels.
You visited the Abyss 1 time.
You visited 1 bazaar.
You also visited: Ossuary and Gauntlet.

You collected 17597 gold pieces.
You spent 5195 gold pieces at shops.
You paid 10414 gold pieces to Gozag.

Inventory:

Hand Weapons
 a - a +3 heavy broad axe (weapon)
 b - a +2 vampiric demon whip
Missiles
 t - 16 boomerangs
 v - 15 javelins (quivered)
 x - 6 silver javelins
 F - 6 curare-tipped darts
 J - 7 atropa-tipped darts
 Z - 3 throwing nets
Armour
 f - a +1 kite shield of resistance (worn)
 g - the +0 tower shield "Balasius" {rPois Slay+6 SInv}
   (You took it off a daeva on level 15 of the Dungeon)

   Slay+6:    It affects your accuracy & damage with ranged weapons and melee
   (+6).
   rPois:     It protects you from poison SInv: It lets you see invisible.
 q - the +0 pair of boots "Gonawnir" (worn) {Rampage *Corrode rElec rPois}
   (You found it in a Gauntlet)

   rElec:     It insulates you from electricity.
   rPois:     It protects you from poison *Corrode: It may corrode you when you
   take damage.
   Rampage:   It bestows one free step when moving towards enemies.
 G - a +2 cloak (worn)
 M - the +2 hat of the Will of the Gods (worn) {rF+ Regen+}
   (You found it in a Gauntlet)

   rF+:       It protects you from fire.
   Regen+:    It increases your rate of health regeneration.
 U - the +4 plate armour of a sewer (worn) {rPois Int+2}
   (You bought it in a shop on level 12 of the Dungeon)

   Int+2:     It affects your intelligence (+2).
   rPois:     It protects you from poison
 W - a +2 pair of gloves of strength (worn)
 Y - the +3 pair of seven-league boots {Rampage+∞}
   (You bought it in a shop on level 12 of the Dungeon)

   Rampage+∞: When moving toward enemies, its wearer moves as far as possible,
   alerting their target en route.
Jewellery
 c - the ring "Niyvock" {EV+5 Str+4}
   (You found it on level 5 of the Vaults)

   [ring of evasion]

   EV+5:      It affects your evasion (+5).
   Str+4:     It affects your strength (+4).
 n - an amulet of guardian spirit (around neck)
 s - a ring of see invisible
 K - a +6 ring of strength (left hand)
 V - the ring "Horphubo" (right hand) {rF+ rC+ MP+9 Str+4}
   (You bought it in a shop on level 1 of the Orcish Mines)

   [ring of protection from fire]

   Str+4:     It affects your strength (+4).
   rF+:       It protects you from fire.
   rC+:       It protects you from cold.
   MP+9:      It affects your magic capacity (+9).
Wands
 m - a wand of polymorph (5)
 A - a wand of acid (6)
 D - a wand of digging (17)
 E - a wand of charming (7)
 O - a wand of mindburst (29)
 S - a wand of roots (14)
Scrolls
 d - 7 scrolls of fog
 o - 6 scrolls of vulnerability
 y - 8 scrolls of poison
 z - a scroll of silence {!r}
 B - 2 scrolls of blinking
 C - a scroll of revelation
 L - 4 scrolls of immolation
 R - 19 scrolls of identify
 T - 15 scrolls of teleportation
 X - 8 scrolls of fear
Potions
 e - 3 potions of heal wounds
 h - 7 potions of lignification
 i - 6 potions of might
 j - 4 potions of invisibility
 k - a potion of ambrosia
 l - 6 potions of enlightenment
 p - 4 potions of magic
 r - 5 potions of attraction
 u - 7 potions of brilliance
 w - 2 potions of resistance
 H - 4 potions of haste
 I - 4 potions of berserk rage
 N - 2 potions of mutation
 Q - 7 potions of curing
Miscellaneous
 P - a lightning rod (4/4)


   Skills:
 O Level 27 Fighting
 - Level 19.0 Axes
 + Level 22.2 Armour
 - Level 10.9 Dodging
 + Level 22.0 Shields
 - Level 10.2 Evocations


You had 20 spell levels left.
You didn't know any spells.
Your spell library contained the following spells:

 Spells                   Type           Power      Damage    Failure   Level
 Foxfire                  Conj/Fire      0%         2x1d4     78%         1
 Freeze                   Ice            0%         1d3       78%         1
 Magic Dart               Conj           0%         1d3       78%         1
 Necrotise                Necr           0%         1d4       78%         1
 Slow                     Hex            0%         N/A       78%         1
 Blink                    Tloc           0%         N/A       89%         2
 Call Imp                 Summ           0%         N/A       89%         2
 Jinxbite                 Hex            0%         N/A       89%         2
 Lesser Beckoning         Tloc           0%         N/A       89%         2
 Scorch                   Fire           0%         2d5       89%         2
 Static Discharge         Conj/Air       0%         3-3/arc   89%         2
 Sublimation of Blood     Necr           0%         N/A       89%         2
 Confusing Touch          Hex            0%         N/A       98%         3
 Dazzling Flash           Conj/Hex       0%         N/A       98%         3
 Gell's Gravitas          Tloc           0%         N/A       98%         3
 Hailstorm                Conj/Ice       0%         3d5       98%         3
 Mephitic Cloud           Conj/Alch/Air  0%         N/A       98%         3
 Sigil of Binding         Hex            0%         N/A       98%         3
 Summon Ice Beast         Ice/Summ       0%         N/A       98%         3
 Teleport Other           Tloc           0%         N/A       98%         3
 Tukima's Dance           Hex            0%         N/A       98%         3
 Vampiric Draining        Necr           0%         2d6       98%         3
 Volatile Blastmotes      Fire/Tloc      0%         2d10      98%         3
 Airstrike                Air            0%         2d(0-16)  100%        4
 Dimensional Bullseye     Hex/Tloc       0%         N/A       100%        4
 Flame Wave               Conj/Fire      0%         2d4       100%        4
 Ignite Poison            Fire/Alch      0%         N/A       100%        4
 Iskenderun's Mystic Bla  Conj/Tloc      0%         2d3       100%        4
 Leda's Liquefaction      Alch/Erth      0%         N/A       100%        4
 Martyr's Knell           Necr/Summ      0%         N/A       100%        4
 Olgreb's Toxic Radiance  Alch           0%         N/A       100%        4
 Passage of Golubria      Tloc           0%         N/A       100%        4
 Sticky Flame             Fire/Alch      0%         2d4       100%        4
 Summon Lightning Spire   Summ/Air       0%         N/A       100%        4
 Vhi's Electric Charge    Tloc/Air       0%         N/A       100%        4
 Arcjolt                  Conj/Air       0%         1d10      100%        5
 Curse of Agony           Necr           0%         N/A       100%        5
 Freezing Cloud           Conj/Ice/Air   0%         6-21      100%        5
 Irradiate                Conj/Alch      0%         3d11      100%        5
 Silence                  Hex/Air        0%         N/A       100%        5
 Yara's Violent Unravell  Hex/Alch       0%         3d3       100%        5
 Conjure Ball Lightning   Conj/Air       0%         3x3d6     100%        6
 Plasma Beam              Fire/Air       0%         2x1d10    100%        6
 Sculpt Simulacrum        Ice/Alch       0%         N/A       100%        6
 Starburst                Conj/Fire      0%         6d3       100%        6
 Summon Cactus Giant      Summ           0%         N/A       100%        6
 Enfeeble                 Hex            0%         N/A       100%        7
 Ozocubu's Refrigeration  Ice            0%         4d7       100%        7
 Spellforged Servitor     Conj/Summ      0%         N/A       100%        7
 Summon Hydra             Summ           0%         N/A       100%        7
 Discord                  Hex            0%         N/A       100%        8
 Disjunction              Tloc           0%         N/A       100%        8
 Ignition                 Fire           0%         3d3       100%        8
 Maxwell's Capacitive Co  Air            0%         ∞         100%        8


Dungeon Overview and Level Annotations

Branches:
Dungeon (15/15)            Temple (0/1) D:5            Lair (5/5) D:9
  Swamp (4/4) Lair:2        Snake (4/4) Lair:3        Slime (0/5) Lair:4
    Orc (2/2) D:10            Elf (0/3) Orc:2        Vaults (5/5) D:14
  Crypt (0/3) Vaults:3     Depths (4/4) D:15            Zot (5/5) Depths:4
Ossuary (visited)         Gauntlet (visited)

Altars:
Cheibriados
Dithmenos
Elyvilon
Fedhas
Gozag
Hepliaklqana
Kikubaaqudgha
Qazlal
Ru
Uskayaw
Wu Jian
Xom

Shops:
D:5 ?   D:12 (=[(   Orc:1 (=   Orc:2 ?[*=   Vaults:1 =   Vaults:4 (
Depths:4 (

Portals:
Hell: Depths:3 Depths:4
Pandemonium: Orc:2 Depths:1

Annotations:
D:4 2 transporters, mkat's ghost, amateur OpNe
Lair:2 2 transporters, exclusion: downstairs, groovy9's ghost, journeyman GnFi
Lair:4 1 runed translucent door
Zot:4 1 runed translucent door
Zot:5 exclusion: upstairs


Innate Abilities, Weirdness & Mutations

You have a pair of horns on your head.
You reflexively headbutt those who attack you in melee.


Message History

What level of the Dungeon? (default 1, ? - help)
A tormentor comes into view.
You rampage towards the tormentor!
You rampage towards the tormentor!
You slash the tormentor!
The tormentor is moderately wounded.
The tormentor calls on the powers of darkness!
Your body is wracked with pain!
You cut the tormentor into ribbons!!!
You kill the tormentor!
You now have 1979 gold pieces (gained 5).
No target in view!
What level of the Dungeon? (default 1, ? - help)
Okay, then.
Unknown command.
What level of the Dungeon? (default 1, ? - help)
A neqoxec comes into view.
You slash the neqoxec!
The neqoxec is heavily wounded.
You chop the neqoxec into pieces!!!
You kill the neqoxec!
You now have 1988 gold pieces (gained 9).
No target in view!
What level of the Dungeon? (default 1, ? - help)
There is a stone staircase leading up here.
You climb upwards.
There is a stone staircase leading down here.
There is a stone staircase leading up here.
You climb upwards.
There is a stone staircase leading down here.
There is an open door here.
Magic restored.
Things that are here:
5 stones; a +0 whip
There is an open door here.
There is an open door here.
HP restored.
There is an open door, spattered with blood here.
You open the door.
An Orb Guardian comes into view.
You can't go up here!
There is an open door here.
The Orb Guardian attacks as it pursues you!
You block the Orb Guardian's attack.
The Orb Guardian attacks as it pursues you!
The Orb Guardian hits you but does no damage.
The Orb Guardian completely misses you. You furiously retaliate!
You headbutt the Orb Guardian!
There is a staircase leading out of the dungeon here.
The Orb Guardian hits you but does no damage.
You have escaped!

.## ##.....## ..##
##.......#### ...#
#.........'.#
..#####.......##'#
.###.###.....###.##
###...###...###...##
##.....###.###.....##
#.......##'##.......##
.........'.'...X@....#
#.......##'##.......##
##.....###.###.....##
###...###...###.).##
.###.###.....###.##
..#####.......##+#
...# #.........'.#
..## ##.......#### .##
##.....##


You could see an Orb Guardian.

Vanquished Creatures
  A Killer Klown (Zot:3)
  Vashnia (Snake:2)
  2 golden dragons
  2 bone dragons
  A Tzitzimitl (Depths:4)
  6 tentacled monstrosities
  A Hell Sentinel (D:7)
  2 Ice Fiends
  3 liches
  9 Orb Guardians
  A quicksilver dragon (Snake:4)
  A titan (Vaults:5)
  Frances (D:14)
  4 death cobs
  2 sphinxes (Vaults:3)
  A tentacled starspawn (Abyss:2)
  Roxanne (D:15)
  6 storm dragons
  A fenstrider witch (Swamp:4)
  2 draconian monks
  4 shadow dragons
  A daeva (D:15)
  2 tengu reavers (Vaults:5)
  2 nagarajas (Snake:4)
  3 draconian shifters
  A balrug (Abyss:2)
  3 protean progenitors
  2 frost giants (Vaults:5)
  A draconian knight (Zot:1)
  A draconian scorcher (Zot:4)
  20 vault wardens
  6 spectral caustic shrikes (Depths:3)
  A draconian stormcaller (Zot:2)
  A cacodemon (D:12)
  2 ghouls (Zot:2)
  2 orc warlords
  A ghost moth (Zot:5)
  6 very ugly things
  A demonspawn corrupter (D:12)
  2 formless jellyfish (Vaults:4)
  2 draconian annihilators (Zot:1)
  20 ironbound preservers
  6 ironbound thunderhulks
  4 stone giants
  A deep elf death mage (Vaults:2)
  9 green draconians
  2 vampire knights
  A deep elf demonologist (Vaults:5)
  3 purple draconians
  A war gargoyle (Vaults:5)
  4 red draconians
  A minotaur (Gauntlet)
  11 dire elephants
  10 black draconians
  3 yellow draconians
  2 bunyips (Zot:5)
  5 spark wasps
  A lorocyproca (Depths:3)
  5 white draconians
  4 ettins
  5 fire dragons
  2 entropy weavers
  A deep elf high priest (Vaults:5)
  Harold (Orc:1)
  9 yaktaur captains
  An ice dragon (Depths:2)
  8 hydras
  37 vault guards
  A demonspawn (Orc:2)
  2 rakshasas
  6 great orbs of eyes
  7 ironbound frosthearts
  2 salamander tyrants
  2 catoblepae
  7 anacondas
  4 centaur warriors
  A spriggan air mage (Depths:4)
  5 alligators
  2 ogre magi
  A death knight (D:15)
  6 boulder beetles
  5 naga warriors
  3 ghost crabs (Swamp:4)
  9 two-headed ogres
  2 tengu warriors (D:14)
  4 deep troll earth magi
  4 deep troll shamans
  2 vampire magi (Depths:3)
  11 death yaks
  2 occultists
  12 naga sharpshooters
  3 orc high priests (Orc:2)
  7 hell knights (Vaults:5)
  12 spriggans
  3 skysharks (Lair:5)
  2 iron trolls
  5 sun demons
  Amaemon (Lair:1)
  41 deep trolls
  A cherub (D:13)
  6 salamander mystics
  A death drake (Swamp:4)
  8 goliath frogs
  6 spriggan druids
  A sea snake (Zot:2)
  4 naga ritualists
  8 arcanists
  7 mana vipers
  4 glowing orange brains
  4 swamp dragons
  A shock serpent (shapeshifter) (Vaults:5)
  9 lindwurms
  4 spectral hydras (Swamp:4)
  A lindwurm (shapeshifter) (D:15)
  16 ironbound convokers
  A spectral alligator (Swamp:4)
  6 bog bodies
  11 orc knights
  A necromancer (Vaults:5)
  11 orc sorcerers
  3 phantasmal warriors (Vaults:5)
  23 ugly things
  2 alligator zombies (Swamp:4)
  14 salamanders
  3 large abominations
  A wolf spider (Vaults:5)
  5 manticores
  4 cyclopes
  4 will-o-the-wisps
  9 moths of wrath
  A worldbinder (Abyss:2)
  A water nymph (shapeshifter) (Vaults:4)
  3 guardian serpents
  15 elephants
  19 vault sentinels
  17 black mambas
  6 naga magi
  An eye of devastation (shapeshifter) (Vaults:3)
  3 meliai
  A torpor snail (Lair:5)
  A kobold blastminer (Orc:2)
  A gargoyle (D:13)
  22 cane toads
  An orange demon (Lair:1)
  4 eyes of devastation
  7 rime drakes
  An unseen horror (D:9)
  A kobold demonologist (D:13)
  9 komodo dragons
  30 yaktaurs
  A tormentor (D:3)
  6 swamp worm zombies (Swamp:4)
  2 efreet
  A freezing wraith (Vaults:4)
  An ancient zyme (D:15)
  8 trolls
  4 hydra zombies (Swamp:4)
  2 bloated husks
  2 hellwings (Orc:2)
  9 hornets
  A glass eye (Gauntlet)
  3 polar bears
  8 tyrant leeches
  18 blink frogs
  2 spectral swamp dragons (Swamp:4)
  26 slime creatures
  A dream sheep (Lair:4)
  61 yaks
  A culicivora (Vaults:2)
  2 small abominations (Abyss:2)
  3 wraiths
  A shadow (D:9)
  9 basilisks
  6 wyverns
  3 tyrant leech zombies (Swamp:4)
  A golden eye (Gauntlet)
  16 vampire mosquitoes
  A redback (Vaults:2)
  A neqoxec (D:3)
  5 wargs
  A death yak simulacrum (Lair:3)
  9 steam dragons
  Menkaure (D:5)
  A chaos spawn (Orc:2)
  12 swamp worms
  9 nagas
  3 acid dragons
  16 water moccasins
  A sky beast (D:7)
  2 swamp drakes
  2 ice beasts
  40 orc warriors
  4 black bears
  3 wolves (Lair:2)
  3 laughing skulls
  13 ogres
  6 phantoms (Swamp:4)
  3 swamp dragon zombies (Swamp:4)
  19 centaurs
  3 kobold brigands
  A weeping skull (Ossuary)
  A brain worm (shapeshifter) (D:15)
  15 bullfrogs
  A cane toad simulacrum (Lair:3)
  5 scorpions
  4 wights
  5 water moccasin zombies (Ossuary)
  An elephant simulacrum (Lair:3)
  8 howler monkeys
  3 electric eels
  A lava snake (Snake:3)
  A bombardier beetle (D:5)
  2 jellies
  2 gnoll boudas
  2 hounds
  17 orc priests
  4 iguanas
  18 orc wizards
  A polar bear simulacrum (Lair:3)
  3 crocodile zombies (Ossuary)
  2 mummies (Ossuary)
  10 gnolls
  8 adders
  A shadow imp (D:5)
  4 white imps
  4 ufetubi
  5 adder zombies (Ossuary)
  2 dart slugs
  3 ribbon worms
  81 orcs
  15 bats
  6 endoplasms
  5 giant cockroaches
  6 gnoll zombies (Ossuary)
  6 goblins
  5 hobgoblins
  5 jackals
  3 quokkas
  2 ball pythons
  6 frilled lizards
  4 jackal zombies (Ossuary)
  25 kobolds
  4 orc zombies (Ossuary)
  5 rats
  2 aspiring fleshes (Zot:2)
  2 starspawn tentacles (Abyss:2)
1438 creatures vanquished.

Vanquished Creatures (collateral kills)
  A Killer Klown (Zot:5)
  A storm dragon (Vaults:5)
  A vault warden (Vaults:5)
  A very ugly thing (Vaults:5)
  An ironbound preserver (Vaults:5)
  A deep elf high priest (Vaults:5)
  A moth of wrath (Zot:5)
  A vault sentinel (Vaults:5)
8 creatures vanquished.

Vanquished Creatures (others)
  A Killer Klown (Zot:5)
  A curse toe (Zot:5)
  An electric golem (Zot:5)
  2 tentacled monstrosities
  8 Orb Guardians (Zot:5)
  A sphinx (Vaults:5)
  A titan (Vaults:5)
  A tengu reaver (Vaults:5)
  A storm dragon (Zot:5)
  A fire giant (Vaults:5)
  A draconian scorcher (Zot:3)
  A draconian stormcaller (Zot:2)
  A stone giant (Vaults:5)
  An ironbound preserver (Vaults:5)
  A deep elf demonologist (Vaults:5)
  4 yaktaur captains (Vaults:5)
  A deep elf high priest (Vaults:5)
  An alligator (Swamp:4)
  An orc knight (Vaults:5)
  A phantasmal warrior (Vaults:5)
  2 ironbound convokers (Vaults:5)
  A necromancer (Vaults:5)
  An orc sorcerer (Vaults:5)
  2 moths of wrath (Zot:5)
  A faun (shapeshifter) (Vaults:5)
  A yaktaur (Vaults:3)
  2 bloated husks (Swamp:4)
  A phantom (Swamp:4)
  An orc wizard (Orc:2)
  3 orcs (Vaults:5)
  22 foxfires
  2 starspawn tentacles (Abyss:2)
70 creatures vanquished.

Grand Total: 1516 creatures vanquished

Notes
Turn   | Place    | Note
-------+----------+-------------------------------------------
     0 | D:1      | Ride the Minotaur Fighter began the quest for the Orb.
     0 | D:1      | Reached XP level 1. HP: 19/19 MP: 0/0
   145 | D:1      | Reached XP level 2. HP: 20/27 MP: 1/1
   308 | D:1      | Reached skill level 3 in Axes
   756 | D:1      | Reached skill level 4 in Fighting
   799 | D:1      | Reached XP level 3. HP: 29/33 MP: 2/2
  1244 | D:2      | Reached XP level 4. HP: 32/40 MP: 3/3
  1767 | D:3      | Found an opulent altar of Gozag.
  1789 | D:3      | Became a worshipper of Gozag Ym Sagoz the Greedy
  1921 | D:3      | Found a blossoming altar of Fedhas.
  1929 | D:3      | Found a snail-covered altar of Cheibriados.
  2256 | D:3      | Found a sacrificial altar of Ru.
  2339 | D:4      | Noticed a scorpion
  2345 | D:4      | Killed a scorpion
  2346 | D:4      | Reached XP level 5. HP: 47/47 MP: 4/4
  2554 | D:4      | Noticed an ogre
  2560 | D:4      | Killed an ogre
  2561 | D:4      | Reached XP level 6. HP: 43/55 MP: 5/5
  2588 | D:4      | Found a transporter.
  2591 | D:4      | Found a transporter.
  2591 | D:4      | Noticed mkat's ghost (amateur OpNe)
  2727 | D:4      | Found a sand-covered staircase.
  2737 | Ossuary  | Entered an ossuary
  2760 | Ossuary  | Reached skill level 5 in Fighting
  2882 | Ossuary  | Reached XP level 7. HP: 51/61 MP: 6/6
  3198 | D:4      | Noticed a steam dragon
  3205 | D:4      | Killed a steam dragon
  3354 | D:4      | Reached skill level 6 in Fighting
  3494 | D:4      | Reached XP level 8. HP: 14/70 MP: 7/7
  4399 | D:5      | Entered Level 5 of the Dungeon
  4542 | D:5      | Found Utynavvi's Magic Scroll Shoppe.
  4591 | D:5      | Found a staircase to the Ecumenical Temple.
  4766 | D:5      | Found a hazy altar of Hepliaklqana.
  4766 | D:5      | Found a shadowy altar of Dithmenos.
  4852 | D:5      | Bought a scroll of blinking for 82 gold pieces
  4852 | D:5      | Bought a scroll of teleportation for 33 gold pieces
  4852 | D:5      | Bought a scroll of teleportation for 33 gold pieces
  4852 | D:5      | Bought a scroll of teleportation for 33 gold pieces
  4978 | D:5      | Noticed Menkaure
  4984 | D:5      | Killed Menkaure
  5311 | D:6      | Reached skill level 7 in Fighting
  5567 | D:6      | Found a white marble altar of Elyvilon.
  5591 | D:6      | Found an ancient bone altar of Kikubaaqudgha.
  5622 | D:6      | Reached skill level 9 in Axes
  5741 | D:6      | Reached XP level 9. HP: 65/79 MP: 8/8
  7225 | D:8      | Found a shimmering altar of Xom.
  7234 | D:8      | Found a hide-covered altar of Uskayaw.
  7257 | D:8      | Found an ornate altar of the Wu Jian Council.
  7355 | D:8      | Reached skill level 8 in Fighting
  8158 | D:8      | Reached XP level 10. HP: 79/90 MP: 9/9
  9099 | D:9      | Reached skill level 3 in Dodging
  9157 | D:9      | Reached skill level 9 in Armour
  9196 | D:9      | Found a staircase to the Lair.
  9255 | D:9      | Reached skill level 9 in Shields
  9309 | D:9      | Reached skill level 9 in Fighting
  9691 | D:10     | Entered Level 10 of the Dungeon
  9732 | D:10     | Found a staircase to the Orcish Mines.
 10098 | D:10     | Found a stormy altar of Qazlal.
 10575 | D:11     | Noticed a manticore
 10584 | D:11     | Killed a manticore
 10585 | D:11     | Reached XP level 11. HP: 54/97 MP: 10/10
 12082 | D:9      | Reached skill level 10 in Fighting
 12257 | Lair:1   | Entered Level 1 of the Lair of Beasts
 12399 | Lair:1   | Noticed Amaemon
 12444 | Lair:1   | Killed Amaemon
 13502 | Lair:1   | Reached XP level 12. HP: 98/108 MP: 11/11
 13978 | Lair:2   | Noticed a six-headed hydra
 14344 | Lair:2   | Killed a six-headed hydra
 14348 | Lair:2   | Reached skill level 11 in Fighting
 14883 | Lair:2   | Noticed a seven-headed hydra
 14892 | Lair:2   | Killed a seven-headed hydra
 14902 | Lair:2   | Reached skill level 15 in Axes
 15296 | Lair:2   | Found a staircase to the Swamp.
 15328 | Lair:2   | Found a transporter.
 15333 | Lair:2   | Found a transporter.
 15333 | Lair:2   | Noticed groovy9's ghost (journeyman GnFi)
 15333 | Lair:2   | Noticed a death yak
 15334 | Lair:2   | Noticed a death yak
 15567 | Lair:2   | Identified the +9 trident of Motsit {vamp, rElec Str-4
                  | Int-3 Dex+6}
 15718 | Lair:3   | Noticed a catoblepas
 16129 | Lair:3   | Found a frozen archway.
 16191 | Lair:3   | Found a gate leading to a gauntlet.
 16200 | Gauntlet | Entered a Gauntlet
 16200 | Gauntlet | Found a transporter.
 16200 | Gauntlet | Found a transporter.
 16302 | Gauntlet | Found a transporter.
 16308 | Gauntlet | Noticed a quicksilver ooze
 16312 | Gauntlet | Found a transporter.
 16321 | Gauntlet | Found a transporter.
 16322 | Gauntlet | Found the +15 Maxwell's patent armour {-Cast -Tele rElec
                  | Will+ rCorr}
 16322 | Gauntlet | Found the +1 cloak of Starlight {*Dazzle EV+4 Stlth--}
 16323 | Gauntlet | Found a transporter.
 16323 | Gauntlet | Found a transporter.
 16327 | Gauntlet | Found a transporter.
 16330 | Gauntlet | Found a transporter.
 16367 | Gauntlet | Found a transporter.
 16384 | Gauntlet | Found a transporter.
 16393 | Gauntlet | Found a transporter.
 16407 | Gauntlet | Found a transporter.
 16448 | Gauntlet | Found a transporter.
 16469 | Gauntlet | Found a transporter.
 16566 | Gauntlet | Found a transporter.
 16570 | Gauntlet | Noticed a dire elephant
 16721 | Gauntlet | Reached XP level 13. HP: 100/117 MP: 12/12
 16795 | Gauntlet | Identified the ring "Raheybuqi" {Fire *Corrode rPois Str+3
                  | Int+3}
 16941 | Gauntlet | Identified the +2 hat of the Will of the Gods {rF+ Regen+}
 16970 | Gauntlet | Noticed a minotaur
 16980 | Gauntlet | Killed a minotaur
 16995 | Gauntlet | Identified the +0 pair of boots "Gonawnir" {Rampage
                  | *Corrode rElec rPois}
 16996 | Gauntlet | Got Patwih's Folio of Fetid Vapour
 16998 | Gauntlet | Identified the +1 robe "Soog Nia" {Harm Will- Str+5 SInv}
 17123 | Lair:3   | Reached skill level 12 in Fighting
 17215 | Lair:3   | Identified the amulet "Wefiemos" {Faith Harm rElec rN+
                  | Str-3}
 17242 | Lair:3   | Found a staircase to the Snake Pit.
 17762 | Lair:4   | Found a runed translucent door.
 17764 | Lair:4   | Noticed an acid blob
 17764 | Lair:4   | Noticed an acid blob
 17765 | Lair:4   | Found a staircase to the Slime Pits.
 18514 | Lair:4   | Identified a scroll of acquirement
 18516 | Lair:4   | Acquired the amulet of Xom's Malicious Joy {RegenMP rCorr}
 18551 | Lair:5   | Entered Level 5 of the Lair of Beasts
 18579 | Lair:5   | Reached skill level 9 in Dodging
 18821 | Lair:5   | Reached skill level 13 in Fighting
 18821 | Lair:5   | Reached XP level 14. HP: 121/129 MP: 13/13
 19971 | Orc:1    | Entered Level 1 of the Orcish Mines
 20210 | Orc:1    | Noticed Harold
 20216 | Orc:1    | Killed Harold
 20351 | Orc:2    | Entered Level 2 of the Orcish Mines
 20351 | Orc:2    | Found a staircase to the Elven Halls.
 20439 | Orc:2    | Noticed an orc warlord
 20475 | Orc:1    | Killed an orc warlord
 20588 | Orc:2    | Found Noihuqemep's General Store.
 20589 | Orc:2    | Found Ulosm's Magic Scroll Shoppe.
 20693 | Orc:2    | Bought a scroll of teleportation for 30 gold pieces
 20693 | Orc:2    | Bought a scroll of blinking for 75 gold pieces
 20693 | Orc:2    | Bought a scroll of blinking for 75 gold pieces
 20693 | Orc:2    | Bought a scroll of revelation for 75 gold pieces
 20693 | Orc:2    | Bought a scroll of revelation for 75 gold pieces
 20695 | Orc:2    | Bought the +4 chain mail of Eseips {Str+3} for 453 gold
                  | pieces
 20787 | Orc:2    | Reached skill level 14 in Fighting
 20924 | Orc:2    | Reached XP level 15. HP: 106/138 MP: 14/14
 20956 | Orc:2    | Found Wuamemat's Jewellery Shop.
 20956 | Orc:2    | Found Jykarpho's Antique Armour Boutique.
 20956 | Orc:2    | Found a one-way gate leading to the halls of Pandemonium.
 20956 | Orc:2    | Paralysed by an orc sorcerer for 2 turns
 20983 | Orc:2    | Bought an amulet of guardian spirit for 420 gold pieces
 20992 | Orc:2    | Bought a +6 ring of strength for 504 gold pieces
 21315 | Orc:2    | Paralysed by an orc sorcerer for 4 turns
 21704 | Orc:1    | You fall into a shaft and drop 1 floor!
 21815 | Orc:1    | Bought the ring "Horphubo" {rF+ rC+ MP+9 Str+4} for 994
                  | gold pieces
 22068 | D:12     | Found Filase's Antique Weapon Boutique.
 22368 | D:12     | Found Qopanoit's Weapon Emporium.
 22384 | D:12     | Bought 2 curare-tipped darts for 36 gold pieces
 22483 | D:12     | Found Visikein's Armour Boutique.
 22523 | D:12     | Found Pebboyq's Jewellery Emporium.
 22525 | D:12     | Bought the +3 pair of seven-league boots {Rampage+∞} for
                  | 560 gold pieces
 22525 | D:12     | Found the +3 pair of seven-league boots {Rampage+∞}
 22547 | D:12     | Bought the +4 plate armour of a sewer {rPois Int+2} for 817
                  | gold pieces
 22604 | D:12     | Bought a +2 pair of gloves of strength for 301 gold pieces
 23433 | D:14     | Noticed Frances
 23440 | D:14     | Killed Frances
 23463 | D:14     | Reached skill level 3 in Evocations
 23571 | D:14     | Reached skill level 15 in Armour
 23650 | D:14     | Found a gate to the Vaults.
 23660 | D:14     | Reached skill level 15 in Fighting
 24084 | D:15     | Entered Level 15 of the Dungeon
 24287 | Abyss:2  | Cast into level 2 of the Abyss (death knight)
 24289 | Abyss:2  | Found a corrupted altar of Lugonu.
 24291 | Abyss:2  | Found a corrupted altar of Lugonu.
 24401 | Abyss:2  | Reached skill level 15 in Shields
 24438 | Abyss:2  | Noticed a tentacled starspawn
 24450 | Abyss:2  | Killed a tentacled starspawn
 24458 | D:15     | Escaped the Abyss
 24854 | D:15     | Reached XP level 16. HP: 149/150 MP: 15/15
 25179 | D:15     | Paralysed by something for 2 turns
 25715 | D:15     | Noticed Roxanne
 25741 | D:15     | Killed Roxanne
 25742 | D:15     | Reached skill level 16 in Fighting
 25885 | D:15     | Found a staircase to the Depths.
 26120 | Snake:1  | Entered Level 1 of the Snake Pit
 26263 | Snake:1  | You fall into a shaft and drop 1 floor!
 26263 | Snake:2  | Noticed Vashnia
 26275 | Snake:2  | Killed Vashnia
 27159 | Snake:3  | Reached skill level 17 in Fighting
 27288 | Snake:4  | Entered Level 4 of the Snake Pit
 27323 | Snake:4  | Found a flickering gateway to a bazaar.
 27535 | Bazaar   | Entered a bazaar
 27535 | Bazaar   | Found Xigumai's Antique Armour Shoppe.
 27535 | Bazaar   | Found Xilemyan's General Store.
 27535 | Bazaar   | Found Kohaacaq's Book Boutique.
 27550 | Bazaar   | Bought a scroll of fog for 40 gold pieces
 27566 | Bazaar   | Found Iblinecu's Antique Weapon Emporium.
 27574 | Bazaar   | Found Asiaqasoen's Distillery.
 27582 | Bazaar   | Bought a potion of haste for 130 gold pieces
 27582 | Bazaar   | Bought a potion of haste for 130 gold pieces
 27582 | Bazaar   | Bought a potion of heal wounds for 65 gold pieces
 27582 | Bazaar   | Bought a potion of resistance for 130 gold pieces
 27582 | Bazaar   | Bought a potion of mutation for 104 gold pieces
 27840 | Snake:4  | Noticed a quicksilver dragon
 27843 | Snake:4  | Got a jade gem with 830 turns to spare
 27855 | Snake:4  | Killed a quicksilver dragon
 27856 | Snake:4  | Reached XP level 17. HP: 83/162 MP: 13/16
 28462 | Swamp:1  | Entered Level 1 of the Swamp
 28835 | Swamp:2  | Reached skill level 9 in Evocations
 28874 | Swamp:3  | Reached skill level 18 in Fighting
 28905 | Swamp:4  | Entered Level 4 of the Swamp
 29479 | Swamp:4  | Noticed a bone dragon
 29506 | Swamp:4  | Killed a bone dragon
 29724 | Swamp:4  | Got a mossy gem with 556 turns to spare
 29726 | Swamp:4  | Got a decaying rune of Zot
 30062 | Vaults:1 | Entered Level 1 of the Vaults
 30330 | Vaults:1 | Found Fesmuag's Jewellery Shop.
 30360 | Vaults:1 | Reached skill level 19 in Fighting
 30443 | Vaults:1 | You fall into a shaft and drop 1 floor!
 30592 | Vaults:2 | Reached XP level 18. HP: 147/176 MP: 17/17
 30902 | Vaults:2 | Identified the +5 flail "Jodatuw" {freeze, Dex+2}
 31053 | Vaults:2 | Identified the +6 arbalest of Offence {antimagic, rPois
                  | Str-3 Int+3}
 31088 | Vaults:2 | Reached skill level 20 in Fighting
 32011 | Vaults:3 | Found a staircase to the Crypt.
 32224 | Vaults:3 | Reached skill level 21 in Fighting
 32591 | Vaults:3 | Reached XP level 19. HP: 170/190 MP: 18/18
 33150 | Vaults:4 | Reached skill level 22 in Fighting
 34334 | Vaults:4 | Found Izimm's Antique Weapon Emporium.
 34397 | Vaults:5 | Entered Level 5 of the Vaults
 34455 | Vaults:4 | Reached skill level 23 in Fighting
 34741 | Vaults:5 | Identified the +0 dagger of Waufedd {venom, rC+ Will+}
 34782 | Vaults:5 | Identified the staff of Chagrin {rF+ rC+ Fire}
 34861 | Vaults:5 | Reached XP level 20. HP: 102/204 MP: 5/19
 35040 | Vaults:5 | Identified the +4 glaive of Evil {flame, Str+4 Dex+6}
 35120 | Vaults:5 | Found the +5 robe of Night {Dark Will+ SInv}
 35140 | Vaults:5 | Identified the ring "Niyvock" {EV+5 Str+4}
 35179 | Vaults:5 | Identified the +1 robe of Verphaunk {rCorr Str+5 Dex+4}
 35182 | Vaults:5 | Identified the ring of Dafeelen {EV+5 Dex+2}
 35251 | Vaults:5 | Got the Omnibus of Generation and Refrigeration
 35312 | Vaults:5 | Identified the amulet of Nemucetu {RegenMP rPois rF+ Str-2
                  | Dex+4}
 35337 | Vaults:5 | Reached skill level 24 in Fighting
 35904 | Vaults:5 | Identified the staff of Checks and Balances {rElec MP-9
                  | Dex+2 Tloc Air Earth}
 36137 | Vaults:5 | Found the +8 Vampire's Tooth {megavamp}
 36159 | Vaults:5 | Identified the +8 arbalest of Forgiveness {antimagic, rF+
                  | rCorr Str-4}
 36189 | Vaults:5 | Got a silver rune of Zot
 36375 | Depths:1 | Entered Level 1 of the Depths
 36938 | Depths:4 | Entered Level 4 of the Depths
 36938 | Depths:4 | Found a gateway to Hell.
 36980 | Depths:4 | Noticed a golden dragon
 36986 | Depths:4 | Killed a golden dragon
 36988 | Depths:4 | Found Qisho's Weapon Emporium.
 37054 | Depths:4 | Reached skill level 25 in Fighting
 37216 | Depths:4 | Noticed a bone dragon
 37217 | Depths:4 | Found a gate to the Realm of Zot.
 37225 | Depths:4 | Killed a bone dragon
 37226 | Depths:4 | Reached skill level 21 in Armour
 37239 | Depths:4 | Got a midnight gem with 2104 turns to spare
 37800 | Snake:4  | Reached XP level 21. HP: 209/210 MP: 20/20
 37869 | Snake:4  | Got a serpentine rune of Zot
 38411 | Zot:1    | Entered Level 1 of the Realm of Zot
 38447 | Zot:1    | Noticed a golden dragon
 38448 | Zot:1    | Reached skill level 21 in Shields
 38514 | Zot:1    | Killed a golden dragon
 38962 | Zot:2    | Reached skill level 26 in Fighting
 39316 | Zot:3    | Noticed a Killer Klown
 39341 | Zot:3    | Killed a Killer Klown
 39470 | Zot:4    | Found a runed translucent gate.
 39475 | Zot:5    | Entered Level 5 of the Realm of Zot
 40109 | Zot:4    | Noticed an orb of fire
 40167 | Zot:5    | Noticed a Killer Klown
 40167 | Zot:5    | Noticed an orb of fire
 40167 | Zot:5    | Noticed a Killer Klown
 40167 | Zot:5    | Noticed a Killer Klown
 40169 | Zot:5    | Noticed an ancient lich
 40169 | Zot:5    | Noticed a curse toe
 40181 | Zot:5    | Killed a Killer Klown
 40185 | Zot:5    | Got the Orb of Zot
 40186 | Zot:5    | Noticed an ancient lich
 40198 | Zot:5    | Noticed a Killer Klown
 40198 | Zot:5    | Noticed a Killer Klown
 40199 | Zot:5    | Noticed an orb of fire
 40200 | Zot:5    | Noticed a Killer Klown
 40201 | Zot:5    | Noticed an ancient lich
 40201 | Zot:5    | Noticed an orb of fire
 40201 | Zot:5    | Noticed a Killer Klown
 40208 | Zot:5    | Killed a curse toe
 40531 | D:15     | Identified the +0 tower shield "Balasius" {rPois Slay+6
                  | SInv}
 40541 | D:15     | Reached skill level 27 in Fighting
 40940 | D:$      | Escaped with the Orb!

Illustrated notes

Levels and vault maps discovered:
D:1:      elethiomel_arrival_diamonds, layout_basic, roderic_roman_lattice,
          minivault_11, minmay_vboxes
D:2:      layout_basic
D:3:      layout_basic, mainiacjoe_overflow_catwalk_spiral,
          mainiacjoe_overflow_catch_the_wave
D:4:      layout_layer_cave, gammafunk_ghost_smash, nicolae_ossuary_entry_ruins,
          roderic_batcave, hangedman_decor_clover_reticule
D:5:      layout_loops_ring, riverfiend_overflow_shadow_ancestor,
          minmay_temple_entry_butterflies, serial_shops,
          nicolae_shop_hallway_stairs, uniq_menkaure
D:6:      layout_rooms, pf_just_have_faith, kennysheep_mini_moat
D:7:      layout_cave_pools
D:8:      layout_basic, mainiacjoe_overflow_cross_hatched, minitemple,
          fountainhead, minmay_bent
D:9:      layout_loops_corners, nicolae_overflow_hidden_temple, lair_entry_dummy
D:10:     layout_cave_pools, mainiacjoe_overflow_surrounded_room, orc_0_dummy,
          hive_lemuel
D:11:     layout_basic
D:12:     layout_roguey, serial_shops, nicolae_shop_waterfront, shop, shop,
          nicolae_shop_waterfront, nicolae_hexahallways
D:13:     layout_cave_pools
D:14:     layout_basic, david_vaults_2, hex_tiny, uniq_frances
D:15:     gammafunk_enter_depths_forms, layout_layer_cave, uniq_roxanne
Lair:1:   layout_big_grid, columned_hall_lemuel, grunt_megastairs_2,
          uniq_amaemon
Lair:2:   layout_long_grid, minmay_swamp_entry_swarm, gammafunk_ghost_arena,
          bobbens_dragon_lair_wall
Lair:3:   layout_loops_ring, guppyfry_snake_entry_island,
          portal_ice_cave_entry_ice_simulacra, gauntlet_entry_generic,
          serial_bayou_ford_a, chequers_serial_rivers_micro_e, st_stairs_5,
          grunt_megastairs_3
Lair:4:   layout_roguey, slime_entry_2, hangedman_lair_generics_rect
Lair:5:   minmay_lair_end_frog_pond, layout_loops_ring, lemuel_fruit_tree,
          serial_bayou_shore_b, infiniplex_staircase_pool_2
Swamp:1:  layout_basic_swamp, evilmike_swamp_ruin_house_6
Swamp:2:  cheibrodos_swamp_monstrosity, layout_basic_swamp,
          nicolae_swamp_stair_fork, swamp_pool_1_2, infiniplex_staircase_pool,
          uniq_louise, uniq_jorgrun
Swamp:3:  layout_falls_marsh, nicolae_swamp_stuck_in_the_mud, uniq_mara
Swamp:4:  swamp_pestilence, layout_basic_swamp
Snake:1:  layout_onion, nicolae_triple_integral
Snake:2:  layout_onion_interference, uniq_vashnia
Snake:3:  layout_honeycomb, nicolae_snake_salamander_fort
Snake:4:  hellmonk_snake_rune_quicksilver_temple, layout_basic, serial_shops,
          bzr_entry_customers, grunt_ministairs_9, hellmonk_scale_shop
Orc:1:    layout_diamond_mine, nicolae_orc_beogh_chapel, uniq_harold
Orc:2:    pf_orc_diabolical, layout_caves, basic_altar
Vaults:1: ebering_ghost_gozag, nicolae_vaults_network_barrier, st_star,
          grunt_vaults_bifocal, nicolae_vaults_surprise_closet,
          nicolae_vaults_network_periphery, nicolae_vaults_network_s,
          ontoclasm_vaults_twist, nicolae_vaults_taking_the_gang_shopping,
          layout_vaults_chaotic_city, serial_shops, shop
Vaults:2: nicolae_vaults_apartment_2, nicolae_vaults_surprise_closet,
          nicolae_vaults_double_plus_1, nicolae_vaults_surprise_closet_hard,
          nicolae_vaults_sightless_eye, v_misc_5,
          nicolae_vaults_yaktaur_gun_rack, nicolae_vaults_cochlea,
          hangedman_vaults_river_flow, nicolae_vaults_tetromino_Z_2, v_misc_29,
          nicolae_vaults_trapezoid_1, layout_vaults_ring
Vaults:3: v_pattern_2, nicolae_vaults_tangent_ellipses, v_rooms_6,
          nicolae_vaults_storage_closets_1, vaults_mumra_minichess,
          ontoclasm_vaults_shuriken, hangedman_vaults_snaps, v_misc_15,
          layout_vaults_maze_snakey, dummy_crypt_entry
Vaults:4: vaults_room_ringed_pool, v_rooms_5, nicolae_vaults_turnstiles,
          hangedman_vaults_slice, nicolae_vaults_circle_grid_a, v_misc_28,
          v_misc_25, hangedman_vaults_slice, nicolae_vaults_tetromino_Z_2,
          layout_vaults_omnicross, serial_shops, shop
Vaults:5: serial_shops
Depths:1: layout_gridlike, serial_shops, shop, grunt_hell_entry_demonic_statue,
          pan_entry, abyss_entry_glasseish, minmay_splitting_lines, tso_altar
Depths:2: hangedman_hanging_gardens, layout_basic, hangedman_coc_ice_floe,
          serial_aquarium, aquarium_bridge_square [aquarium_subvault_bridge,
          aquarium_subvault_bridge, aquarium_subvault_bridge,
          aquarium_subvault_bridge], aquarium_bridge_straight
          [aquarium_subvault_bridge, aquarium_subvault_window,
          aquarium_subvault_bridge, aquarium_subvault_balcony],
          aquarium_window_fake, aquarium_window_2, aquarium_view_2d,
          aquarium_view_2c, aquarium_balcony_double_1, grunt_pan_entry_spiral
Depths:3: nicolae_cairo_tiling_large, layout_cave_shapes, abyss_entry,
          serial_library_hellmonk_filled_rooms, pf_hell_entry_tar_river,
          st_stairs_8, uniq_sojobo
Depths:4: grunt_zot_entry_gee_three, layout_basic, enter_ziggurat_d,
          serial_shops, nicolae_shop_waterfront, lemuel_crystal_altar,
          pan_entry, hell_entry
Zot:1:    layout_basic, grunt_megastairs_1
Zot:2:    layout_basic, hangedman_swamp_dais
Zot:3:    layout_basic
Zot:4:    layout_onion_interference, bh_zot_ikea_curve,
          gammafunk_ghost_tricky_traps
Zot:5:    layout_misc_corridors, hangedman_zot_decor_scrapings,
          grunt_ministairs_3

Skill      XL: |  1  2  3  4  5  6  7  8  9 10 11 12 13 14 15 16 17 18 19 20 21 |
---------------+----------------------------------------------------------------+-----
Axes           | 3 4 5 6 7 9 11 12 14 15 17 18 19 | 19.0
Fighting       | 4 5 6 7 8 9 10 11 13 14 15 17 19 21 23 25 27 | 27.0
Shields        | 4 5 6 7 8 9 10 11 12 13 15 16 17 18 19 20 22 | 22.0
Armour         | 4 5 6 7 8 9 10 12 13 14 15 16 17 18 19 21 22 | 22.2
Dodging        | 2 4 6 7 9 10 | 10.9
Evocations     | 5 8 10 | 10.2

Action                     |  1- 3 |  4- 6 |  7- 9 | 10-12 | 13-15 | 16-18 | 19-21 || total
---------------------------+-------+-------+-------+-------+-------+-------+-------++-------
  Melee: War axe           |    91 |   105 |   371 |   521 |   861 |       |       ||  1949
         Headbutt          |     5 |    16 |    69 |   115 |   250 |   312 |   285 ||  1052
         Demon whip        |       |       |       |    13 |    21 |    15 |       ||    49
         Broad axe         |       |       |       |       |   178 |  1175 |   986 ||  2339
  Throw: Throwing net      |       |       |       |       |     1 |       |       ||     1
 Invoke: Potion Petition   |       |       |       |     3 |     1 |     1 |     2 ||     7
         Call Merchant     |       |       |       |       |     2 |       |       ||     2
         Bribe Branch      |       |       |       |       |       |       |     2 ||     2
  Evoke: Wand              |       |       |     3 |     8 |     3 |       |     1 ||    15
         Lightning rod     |       |       |       |       |     5 |       |       ||     5
    Use: Scroll            |     3 |     2 |     7 |    13 |    10 |     5 |    19 ||    59
         Potion            |       |     1 |     5 |     4 |     6 |     2 |     9 ||    27
   Stab: Distracted        |       |       |     1 |     1 |     7 |     1 |     6 ||    16
         Held in net/web   |       |       |       |       |     3 |       |       ||     3
         Invisible         |       |       |       |       |       |       |     2 ||     2
 Armour: Scale mail        |    61 |    67 |   188 |       |       |       |       ||   316
         Plate armour      |       |       |    75 |   458 |   598 |   727 |   866 ||  2724
         Chain mail        |       |       |    30 |       |   128 |       |       ||   158
  Dodge: Dodged            |    37 |    39 |   147 |   326 |   540 |   337 |   352 ||  1778
  Block: Buckler           |    23 |    22 |   106 |   173 |   275 |       |       ||   599
         Kite shield       |       |       |       |       |    77 |   741 |   734 ||  1552
